 Dungeon Crawl Stone Soup version 0.28-a0-667-g162e43154e (webtiles) character file.

Game seed: 8838303266315016868

4 BlueGoblin the Slasher (level 1, -1/21 HPs)
             Began as a Naga Monk on Oct 17, 2021.
             Slain by a jackal (3 damage)
             ... on level 1 of the Dungeon.
             The game lasted 00:01:22 (291 turns).

BlueGoblin the Slasher (Naga Monk)                   Turns: 291, Time: 00:01:22

Health: -1/21      AC:  1    Str: 13    XL:     1   Next: 70%
Magic:  1/1        EV: 10    Int: 10    God:
Gold:   0          SH:  0    Dex: 13    Spells: 0/0 levels left

rFire   . . .      SeeInvis +   a - +0 falchion
rCold   . . .      Faith    .   (no shield)
rNeg    . . .      Spirit   .   b - +0 robe
rPois   +          Reflect  .   (no helmet)
rElec   .          Harm     .   (no cloak)
rCorr   .          Rampage  .   (no gloves)
Will    .....                   (no barding)
Stlth   ++........              (no amulet)
HPRegen 0.07/turn               (no ring)
MPRegen 0.07/turn               (no ring)

@: very slow
A: AC +0, large, see invisible, deformed body, poison resistance, slowness 2,
spit poison 1, naga tail 1
a: Spit Poison


You were on level 1 of the Dungeon.
You visited 1 branch of the dungeon, and saw 1 of its levels.

Inventory:

Hand Weapons
 a - a +0 falchion (weapon)
Armour
 b - a +0 robe (worn)


   Skills:
 + Level 3.0 Fighting
 + Level 3.2 Long Blades
 + Level 2.4 Dodging
 + Level 3.0 Stealth


You couldn't memorise any spells.
You didn't know any spells.
Your spell library was empty.

Dungeon Overview and Level Annotations

Branches:
Dungeon (1/15)

Altars:

Shops:
D:1 =


Innate Abilities, Weirdness & Mutations

Your serpentine skin is tough. (AC +0)
You have supernaturally acute eyesight. (SInv)
Armour fits poorly on your strangely shaped body.
Your system is resistant to poisons. (rPois)
You cover ground very slowly.
You can spit poison.
You have a snake-like lower body.


Message History

There are monsters nearby!
There are monsters nearby!
You hit the jackal but do no damage. The jackal bites you. x2
You hit the jackal.
The jackal is lightly wounded.
The jackal closely misses you. The jackal barely misses you.
The jackal closely misses you.
You barely miss the jackal.
The jackal is lightly wounded.
The jackal bites you. The jackal barely misses you. x2
You barely miss the jackal.
The jackal is lightly wounded.
The jackal closely misses you. The jackal bites you.
The jackal bites you but does no damage.
You closely miss the jackal.
The jackal is lightly wounded.
The jackal misses you. The jackal bites you. The jackal closely misses you.
You barely miss the jackal.
The jackal is lightly wounded.
The jackal bites you. x2
The jackal bites you but does no damage.
You are too injured to fight recklessly!
You are too injured to fight recklessly!
You are too injured to fight recklessly!
You aren't carrying any scrolls.
You aren't carrying any potions.
Unknown command.
You miss the jackal. The jackal barely misses you. The jackal misses you.
The jackal closely misses you. The jackal barely misses you.
You hit the jackal but do no damage. The jackal bites you.
* * * LOW HITPOINT WARNING * * *
The jackal bites you but does no damage.
The jackal closely misses you.
You barely miss the jackal. The jackal bites you.
* * * LOW HITPOINT WARNING * * *
The jackal closely misses you. The jackal misses you.
You closely miss the jackal. The jackal bites you.
* * * LOW HITPOINT WARNING * * *
The jackal bites you.
You die...

######### #.......#
#.#####.# #.#..$#h# #.#
#.h@# #.# ##### ##########.#
...).......###### ##
.#########......####.######
.....†........#........... #
.....#...#.#..#............#
.#...#####.#..#≈≈≈≈≈§≈≈≈≈..#
.#...# #.#...≈8≈≈≈≈≈≈8≈.!


You could see 2 jackals.

Vanquished Creatures
  A goblin (D:1)
  A jackal (D:1)
  A kobold (D:1)
  A rat (D:1)
4 creatures vanquished.

Notes
Turn   | Place    | Note
-------+----------+-------------------------------------------
     0 | D:1      | BlueGoblin the Naga Monk began the quest for the Orb.
     0 | D:1      | Reached XP level 1. HP: 21/21 MP: 1/1
     2 | D:1      | Found Matu's Jewellery Shop.
   291 | D:1      | Slain by a jackal

Illustrated notes

Levels and vault maps discovered:
D:1:      lightli_arrival_boilingwater, layout_basic,
          shapermc_ecumenical_altar_venn, serial_shops, shop,
          nicolae_lakefront_shop, nicolae_shop_crystal, nicolae_square_shop,
          shop, moated_statue, minivault_14, serial_park_tiny_pond,
          patterned_corridor

Action                   || total
-------------------------++-------
Melee: Falchion          ||    24
 Stab: Sleeping          ||     1
Armor: Robe              ||     3
Dodge: Dodged            ||    22

Table legend: (Time is in decaauts)
 A = Elapsed time spent in this place.
 B = Non-inter-level travel time spent in this place.
 C = Inter-level travel time spent in this place.
 D = Time resting spent in this place.
 E = Time spent auto-exploring this place.
 F = Levels seen in this place.
 G = Mean time per level.
                   A        B        C        D        E       F      G
               +--------+--------+--------+--------+--------+-----+--------+
         Total |    326 |    326 |      0 |      0 |    257 |   1 |  326.0 |
       Dungeon |    326 |    326 |      0 |      0 |    257 |   1 |  326.0 |
               +--------+--------+--------+--------+--------+-----+--------+

Top non-repeatable levels by time:
     D:1: 326 daAuts
